 Dungeon Sprint DCSS version 0.28-a0-381-g937acc2988 (webtiles) character file.

Game seed: 648406457467087779

4178 Ankalagon the Basher (level 10, -2/109 HPs)
             Began as a Tengu Berserker on Sept 1, 2021.
             Was a High Priest of Trog.
             Succumbed to a death drake's dark miasma
             ... in the Dungeon (Sprint II: "The Violet Keep of Menkaure").
             The game lasted 00:07:05 (1420 turns).

Ankalagon the Basher (Tengu Berserker)              Turns: 1420, Time: 00:07:05

Health: -2/109     AC: 15    Str: 17    XL:     10   Next: 28%
Magic:  10/10      EV: 20    Int:  8    God:    Trog [*****.]
Gold:   309        SH:  0    Dex: 17    Spells: 9/9 levels left

rFire   . . .      SeeInvis .   m - +4 great mace (vorpal) {god gift}
rCold   . . .      Faith    .   (shield currently unavailable)
rNeg    . . .      Spirit   .   j - +1 scale mail of Sin {+Inv Will+ Regen+}
rPois   .          Reflect  .   (helmet restricted)
rElec   .          Harm     .   t - +0 cloak
rCorr   .          Rampage  .   k - +0 pair of gloves
Will    +....      NoTele   +   (boots unavailable)
Stlth   ..........              (no amulet)
HPRegen 1.28/turn               l - +4 ring of protection
MPRegen 0.12/turn               (no ring)

@: berserking (expiring), lethally poisoned (-2 -> -53), flying quickly and
evasively, slowed, quick
A: beak, talons 3, nimble flight, low mp 1
a: Renounce Religion, Evoke Invisibility, Berserk, Trog's Hand, Brothers in Arms


You were in the Dungeon.
You worshipped Trog.
Trog was extremely pleased with you.
You visited 1 branch You collected 1239 gold pieces.
You spent 930 gold pieces at shops.

Inventory:

Hand Weapons
 a - a +0 mace
 m - a +4 vorpal great mace (weapon) {god gift}
 n - a +0 arbalest
Missiles
 o - 27 bolts
Armour
 b - a +0 animal skin
 i - a +0 chain mail of cold resistance
 j - the +1 scale mail of Sin (worn) {+Inv Will+ Regen+}
   (You bought it in a shop in the Dungeon)

   +Inv:      It lets you turn invisible.
   Regen:     It increases your rate of health regeneration.
   Will:      It increases your willpower.
 k - a +0 pair of gloves (worn)
 t - a +0 cloak (worn)
Jewellery
 l - a +4 ring of protection (left hand)
 u - an amulet of magic regeneration
Scrolls
 h - a scroll of blinking
 r - a scroll of fog {unknown}
 y - 2 scrolls of fear {unknown}
Potions
 c - 3 potions of curing
 d - a potion of heal wounds
 e - a potion of haste
 f - 5 potions of magic
 g - a potion of berserk rage
 p - 5 potions of flight
 q - 4 potions of attraction
 v - a potion of ambrosia
 x - a potion of degeneration {unknown}
 z - 4 potions of resistance {unknown}
 A - a potion of brilliance {unknown}


   Skills:
 - Level 13.4 Fighting
 + Level 14.4 Maces & Flails
 - Level 5.7 Armour
 - Level 14.3 Dodging


You had 9 spell levels left.
You didn't know any spells.
Your spell library was empty.

Dungeon Overview and Level Annotations

Branches:
Dungeon (1/1)

Altars:
Cheibriados
Dithmenos
Elyvilon
Fedhas
Gozag
Hepliaklqana
Kikubaaqudgha
Makhleb
Nemelex Xobeh
Okawaru
Qazlal
Ru
Sif Muna
Trog
Uskayaw
Vehumet
Wu Jian
Xom
Yredelemnul
Zin
The Shining One
Beogh
Jiyva
Lugonu

Shops:
D :![:!((?:?[[==*

Annotations:
D exclusions: ice statue and oklob plant


Innate Abilities, Weirdness & Mutations

You have a beak for a mouth.
You have claws for feet.
Your magical nature lets you fly swiftly and evasively.
Your magical capacity is low. (-10% MP)


Message History

The death drake breathes miasma at you. The foul vapour engulfs you!!
You are poisoned.
The death drake completely misses you.
You hit the death drake. Your kick misses the death drake.
You peck the death drake!
The death drake is lightly wounded.
You are engulfed in dark miasma.
You are more poisoned.
You feel extremely sick. The death drake misses you.
You closely miss the death drake. Your peck misses the death drake.
The death drake is lightly wounded.
You are engulfed in dark miasma.
You are more poisoned.
You feel extremely sick. The death drake barely misses you.
You sock the death drake!
You claw the death drake, but do no damage.
The death drake is heavily wounded.
You are engulfed in dark miasma.
You are lethally poisoned!
You feel yourself slow down.
You feel extremely sick.
You beat the death drake like a drum!!!
The death drake is almost dead.
You are engulfed in dark miasma.
You are more poisoned.
* * * LOW HITPOINT WARNING * * *
You feel extremely sick. The death drake completely misses you.
You barely miss the death drake. Your peck misses the death drake.
The death drake is almost dead.
* * * LOW HITPOINT WARNING * * *
You feel extremely sick. The death drake completely misses you.
The death drake closely misses you.
You closely miss the death drake. You claw the death drake.
You kill the death drake!
Trog accepts your kill.
You die...

##.#....# ...####▓...".?:.▓▓
#.####..## #..# .#▓(...)...▓▓
'###.##..# +.^# .#▓)...(.([▓▓
.###..#..# #..# .#▓.....(..▓▓
<.'##.'..####..##.#▓.....(.|▓▓
.##.#.#§...###...##▓▓▓▓▓▓▓'▓▓▓▓+▓
'###.##......≈≈≈≈≈≈≈≈≈§§≈≈...X≈≈▓
..####≈≈.....≈#†########'###.ww≈▓
#..#≈≈≈≈≈≈≈§§≈#.@._._._#§§§##≈≈≈▓
..##§≈≈≈≈§≈≈.≈#_._._._.#§§≈≈####▓
+##≈§§≈§§≈≈≈≈≈#._._._._#§§§≈§# ≈
§≈§§≈≈≈≈≈≈§≈#_._._._.#≈§§§§≈ #
§'#≈≈≈≈≈≈≈≈†#._._._..#≈§§≈§§ §≈
##§≈≈###§§#_._._...#≈§§≈§S ≈;
#≈≈#._._....#≈§≈§≈≈ §
#§§#.._.....#≈§§§▓▓ ;
≈§≈≈≈≈##########§§§≈▓z


There were no monsters in sight!

Vanquished Creatures
  A death drake (D)
  A merfolk siren (D)
  A yaktaur (D)
  3 polar bears (D)
  A hornet (D)
  12 flying skulls (D)
  2 neqoxecs (D)
  3 water moccasins (D)
  4 necrophages (D)
28 creatures vanquished.

Vanquished Creatures (others)
  A death drake (D)
  2 wyverns (D)
  2 neqoxecs (D)
  Menkaure (D)
  A water moccasin (D)
  2 swamp drakes (D)
  4 electric eels (D)
  4 tentacles (D)
17 creatures vanquished.

Grand Total: 45 creatures vanquished

Notes
Turn   | Place    | Note
-------+----------+-------------------------------------------
     0 | D        | Ankalagon the Tengu Berserker began the quest for the Orb.
     0 | D        | Reached XP level 1. HP: 14/14 MP: 2/2
     1 | D        | Noticed a wyvern
     1 | D        | Noticed a wyvern
     4 | D        | Noticed a neqoxec
     9 | D        | Noticed a neqoxec
    21 | D        | Killed a neqoxec
    22 | D        | Reached skill level 5 in Fighting
    22 | D        | Reached skill level 5 in Armour
    22 | D        | Reached skill level 5 in Dodging
    22 | D        | Reached XP level 2. HP: 22/22 MP: 3/3
    22 | D        | Reached XP level 3. HP: 27/27 MP: 4/4
    22 | D        | Reached XP level 4. HP: 32/32 MP: 5/5
    22 | D        | Gained mutation: Your magical nature lets you fly swiftly
                  | and evasively. [Tengu growth]
    22 | D        | Reached XP level 5. HP: 36/36 MP: 6/6
    35 | D        | Killed Menkaure
    56 | D        | Killed a water moccasin
   122 | D        | Killed a wyvern
   159 | D        | Noticed a water moccasin
   170 | D        | Killed a water moccasin
   171 | D        | Reached XP level 6. HP: 42/42 MP: 7/7
   188 | D        | Killed a neqoxec
   204 | D        | Killed a wyvern
   278 | D        | Noticed a merfolk siren
   283 | D        | Killed a merfolk siren
   283 | D        | Reached ** piety under Trog
   284 | D        | Reached XP level 7. HP: 44/50 MP: 8/8
   289 | D        | Killed a neqoxec
   500 | D        | Reached *** piety under Trog
   501 | D        | Reached skill level 10 in Maces & Flails
   510 | D        | Reached skill level 10 in Dodging
   513 | D        | Reached XP level 8. HP: 57/57 MP: 9/9
   524 | D        | Found Moggiule's Antique Armour Shoppe.
   524 | D        | Found Plog's Antique Armour Shoppe.
   525 | D        | Found Zocsu's Jewellery Emporium.
   525 | D        | Found Zuckepp's Book Shoppe.
   525 | D        | Found Maclawn's Magic Scroll Emporium.
   525 | D        | Found Says's Antique Weapon Shoppe.
   525 | D        | Found Ireopp's Antique Weapon Emporium.
   636 | D        | Noticed a flying skull
   636 | D        | Noticed a flying skull
   637 | D        | Noticed a flying skull
   637 | D        | Noticed a flying skull
   637 | D        | Noticed a flying skull
   637 | D        | Noticed a flying skull
   637 | D        | Noticed a flying skull
   637 | D        | Noticed a flying skull
   650 | D        | Found Woerid's Distillery.
   650 | D        | Found Henekhimum's Book Shoppe.
   650 | D        | Found Angaqygo's Jewellery Shoppe.
   650 | D        | Found Epnu's General Store.
   650 | D        | Found Feynic's Magic Scroll Emporium.
   651 | D        | Found Maecs's Antique Armour Shoppe.
   651 | D        | Found Riarabudd's Distillery.
   651 | D        | Noticed a yak
   651 | D        | Noticed a yak
   659 | D        | Noticed a yak
   659 | D        | Noticed an oklob plant
   660 | D        | Found Bucauth's Book Shoppe.
   660 | D        | Noticed a flying skull
   661 | D        | Noticed a flying skull
   663 | D        | Noticed an iron elemental
   664 | D        | Bought a shiny chain mail for 142 gold pieces
   668 | D        | Bought an ichor-stained scale mail for 144 gold pieces
   668 | D        | Identified the +1 scale mail of Sin {+Inv Will+ Regen+}
                  | (You bought it in a shop in the Dungeon)
   686 | D        | Bought a potion of heal wounds for 55 gold pieces
   688 | D        | Bought a pair of gloves for 85 gold pieces
   694 | D        | Bought a +4 ring of protection for 504 gold pieces
   695 | D        | Noticed a flying skull
   704 | D        | Killed a flying skull
   705 | D        | Reached skill level 10 in Fighting
   708 | D        | Killed a flying skull
   710 | D        | Killed a flying skull
   710 | D        | Reached **** piety under Trog
   716 | D        | Killed a flying skull
   728 | D        | Killed a flying skull
   729 | D        | Reached XP level 9. HP: 64/64 MP: 10/10
   785 | D        | Reached ***** piety under Trog
   829 | D        | Found a glowing golden altar of the Shining One.
   829 | D        | Found an ornate altar of the Wu Jian Council.
   830 | D        | Found a shimmering altar of Xom.
   830 | D        | Found a sacrificial altar of Ru.
   831 | D        | Found a basalt altar of Yredelemnul.
   831 | D        | Found a shimmering blue altar of Sif Muna.
   832 | D        | Found a glowing silver altar of Zin.
   832 | D        | Found a bloodstained altar of Trog.
   832 | D        | Found an ancient bone altar of Kikubaaqudgha.
   832 | D        | Found a stormy altar of Qazlal.
   832 | D        | Found a viscous altar of Jiyva.
   833 | D        | Found a hide-covered altar of Uskayaw.
   833 | D        | Found a corrupted altar of Lugonu.
   833 | D        | Found a shadowy altar of Dithmenos.
   834 | D        | Found a radiant altar of Vehumet.
   834 | D        | Found a burning altar of Makhleb.
   834 | D        | Found a white marble altar of Elyvilon.
   835 | D        | Found a sparkling altar of Nemelex Xobeh.
   835 | D        | Found a blossoming altar of Fedhas.
   836 | D        | Found an iron altar of Okawaru.
   836 | D        | Found an opulent altar of Gozag.
   836 | D        | Noticed a polar bear
   836 | D        | Noticed a polar bear
   837 | D        | Found a hazy altar of Hepliaklqana.
   837 | D        | Found a snail-covered altar of Cheibriados.
   837 | D        | Noticed a hornet
   838 | D        | Noticed a yaktaur
   839 | D        | Noticed a polar bear
   848 | D        | Gained mutation: Your magical capacity is low. (-10% MP) [a
                  | neqoxec]
   859 | D        | Killed a hornet
   864 | D        | Killed a polar bear
   864 | D        | Received a gift from Trog
   865 | D        | Reached XP level 10. HP: 72/72 MP: 10/10
  1011 | D        | Noticed a kraken
  1021 | D        | Found the +0 staff of Battle
  1021 | D        | Found the +7 pair of quick blades "Gyre" and "Gimble"
                  | {protect}
  1154 | D        | Noticed a death drake
  1156 | D        | Noticed a death drake
  1199 | D        | Noticed an ice statue
  1290 | D        | Killed a death drake
  1420 | D        | Killed a death drake
  1420 | D        | Succumbed to a death drake's dark miasma

Illustrated notes

Levels and vault maps discovered:
D:        the_violet_keep_of_menkaure [sprint2_stairs_cluster_1,
          sprint2_shoproom, sprint2_temple, sprint2_basic_supplies,
          sprint2_obstacle_7, sprint2_obstacle_2, sprint2_obstacle_1,
          sprint2_obstacle_3, sprint2_obstacle_6, sprint2_timed_cluster_1,
          sprint2_smallroom_cluster_1, sprint2_smallroom_final_cluster_1,
          sprint2_transparent_cluster_1, sprint2_second_timed_cluster_1,
          sprint2_sniper_area_1, sprint2_heavy_combat_area_1,
          sprint2_mutation_trap_area_1, sprint2_forest_area_1,
          sprint2_light_combat_area_1, sprint2_behind_water_1,
          sprint2_near_end_vault_1]

Skill      XL: |  1  2  3  4  5  6  7  8  9 10 |
---------------+-------------------------------+-----
Fighting       | 5 6 8 9 11 12 13 | 13.4
Maces & Flails | 6 7 9 10 12 13 14 | 14.4
Armour         | 5 |  5.7
Dodging        | 5 7 9 10 11 13 14 | 14.3

Action                   |  1- 3 |  4- 6 |  7- 9 | 10-12 || total
-------------------------+-------+-------+-------+-------++-------
Melee: Mace              |     3 |     7 |   134 |    13 ||   157
       Kick              |     1 |     1 |    38 |    13 ||    53
       Peck              |       |     2 |    23 |     6 ||    31
       Great mace        |       |       |       |    16 ||    16
Invok: Berserk           |     1 |     2 |     4 |     1 ||     8
       Trog's Hand       |       |       |     3 |       ||     3
  Use: Potion            |       |       |     1 |     1 ||     2
       Scroll            |       |       |       |     4 ||     4
Armor: Animal skin       |     1 |       |     1 |       ||     2
       Scale mail        |       |       |    52 |     4 ||    56
Dodge: Dodged            |     2 |     5 |   147 |    23 ||   177

Table legend: (Time is in decaauts)
 A = Elapsed time spent in this place.
 B = Non-inter-level travel time spent in this place.
 C = Inter-level travel time spent in this place.
 D = Time resting spent in this place.
 E = Time spent auto-exploring this place.
 F = Levels seen in this place.
 G = Mean time per level.
                   A        B        C        D        E       F      G
               +--------+--------+--------+--------+--------+-----+--------+
         Total |   1437 |   1437 |      0 |    783 |      0 |   1 | 1437.0 |
       Dungeon |   1437 |   1437 |      0 |    783 |      0 |   1 | 1437.0 |
               +--------+--------+--------+--------+--------+-----+--------+

Top non-repeatable levels by time:
       D: 1437 daAuts
